 Dungeon Crawl Stone Soup version 0.32-a0-42-ga30500b4d3 (webtiles) character file.

Game seed: 17446300898304298162

107 senseless the Shooter (level 4, -3/30 HPs)
             Began as an Octopode Hunter on Feb 2, 2024.
             Killed by nerve-wracking pain
             ... invoked by Grinder
              (13 damage)
             ... while paralysed by Grinder
             ... on level 3 of the Dungeon.
             The game lasted 00:04:51 (1691 turns).

senseless the Shooter (Octopode Hunter)             Turns: 1691, Time: 00:04:52

Health: -3/30      AC:  1    Str: 10    XL:     4   Next: 86%
Magic:  13/13      EV:  2    Int: 11    God:
Gold:   197        SH:  0    Dex: 17    Spells: 3/3 levels left

rFire   . . .        a - +0 shortbow
rCold   . . .        (shield currently unavailable)
rNeg    . . .        (helmet restricted)
rPois   .            (no amulet)
rElec   .            f - ring of magical power
rCorr   .            m - ring of wizardry
SInv    .            (no ring)
Will    .....        (no ring)
Stlth   +++          (no ring)
HPRegen 0.25/turn    (no ring)
MPRegen 0.13/turn    (no ring)
                     (no ring)

%: wizardry (x1)
@: paralysed
A: almost no armour, amphibious, 8 rings, camouflage 1, gelatinous body 1,
(nimble swimmer 1), tentacles
a: no special abilities


You were on level 3 of the Dungeon.
You visited 1 branch of the dungeon, and saw 3 of its levels.

You collected 197 gold pieces.

Inventory:

Hand Weapons
 a - a +0 shortbow (weapon)
Missiles
 g - 4 atropa-tipped darts
 h - 3 boomerangs
 p - 4 poisoned darts
Jewellery
 f - a ring of magical power (left tentacle)
 m - a ring of wizardry (right tentacle)
Scrolls
 b - a scroll of butterflies
 d - a scroll of amnesia
 e - 2 scrolls of teleportation
 j - 2 scrolls of immolation
Potions
 i - 2 potions of curing
 l - a potion of degeneration {unknown}
 n - a potion of haste {unknown}
 o - a potion of heal wounds


   Skills:
 + Level 2.9 Fighting
 + Level 4.5 Ranged Weapons
 + Level 3.0 Dodging
 + Level 3.3 Stealth


You had 3 spell levels left.
You didn't know any spells.
Your spell library contained the following spells:

 Spells                   Type           Power      Damage    Failure   Level
 Dazzling Flash           Conj/Hex       0%         N/A       38%         3
 Mephitic Cloud           Conj/Alch/Air  0%         N/A       38%         3
 Curse of Agony           Necr           0%         N/A       98%         5
 Silence                  Hex/Air        0%         N/A       98%         5


Dungeon Overview and Level Annotations

Branches:
Dungeon (3/15)

Altars:

Annotations:
D:3 Grinder


Innate Abilities, Weirdness & Mutations

You cannot wear most types of armour.
You are amphibious.
You can wear up to eight rings at the same time.
Your skin changes colour to match your surroundings (Stealth+).
Your rubbery body absorbs attacks. (AC +1, EV +1)
((You are camouflaged when in or above water. (Stealth+)))
You have tentacles for arms and can constrict up to eight enemies at once.


Message History

You shoot an arrow. The arrow barely misses Grinder.
You shoot an arrow. The arrow hits Grinder.
Grinder is moderately wounded.
Grinder misses you.
You shoot an arrow. The arrow hits Grinder.
Grinder is heavily wounded.
Grinder gestures at you.
You suddenly lose the ability to move!
Grinder hits you.
You writhe in agony.
Grinder gestures at you.
You shrug off the repeated paralysis!
Grinder hits you. x2
You writhe in agony.
You can move again.
You shoot an arrow. The arrow barely misses Grinder.
Grinder hits you!
You writhe in agony.
* * * LOW HITPOINT WARNING * * *
You feel much better. Grinder misses you.
You shoot an arrow. The arrow barely misses Grinder.
Grinder barely misses you.
You shoot an arrow. The arrow barely misses Grinder.
Grinder blinks!
You shoot an arrow. The arrow closely misses Grinder.
Grinder hits you.
You writhe in agony.
You shoot an arrow. The arrow hits Grinder.
Grinder is heavily wounded.
Grinder barely misses you. x2
You shoot an arrow. The arrow hits Grinder.
Grinder is heavily wounded.
Grinder hits you.
You writhe in agony.
You shoot an arrow.
The arrow hits Grinder but does no damage.
Grinder is heavily wounded.
Grinder hits you.
You writhe in agony.
You shoot an arrow. The arrow barely misses Grinder.
Grinder gestures at you.
You suddenly lose the ability to move!
Grinder hits you.
You writhe in agony.
* * * LOW HITPOINT WARNING * * *
Grinder gestures at you. Pain shoots through your body!
You die...
Grinder says, "Hey, I wasn't done torturing you yet!"

####### #.....# #.....#
####.....###############
....[....>.....5@.......
.........###############
.........# ....######
....# ....# ....# '####
.#


You could see Grinder.

Vanquished Creatures
  Jessica (D:2)
  3 adders (D:2)
  3 dart slugs
  3 ribbon worms (D:2)
  3 ball pythons
  3 endoplasms
  3 giant cockroaches
  6 hobgoblins
  2 jackals (D:3)
  4 kobolds (D:2)
  A quokka (D:1)
  4 bats
  3 goblins
  3 rats
42 creatures vanquished.

Notes
Turn   | Place    | Note
-------+----------+-------------------------------------------
     0 | D:1      | senseless the Octopode Hunter began the quest for the Orb.
     0 | D:1      | Reached XP level 1. HP: 14/14 MP: 1/1
   102 | D:1      | Reached XP level 2. HP: 19/19 MP: 2/2
   307 | D:1      | Found a faded altar of an unknown god.
   561 | D:2      | Reached XP level 3. HP: 15/25 MP: 3/3
   795 | D:2      | Reached XP level 4. HP: 23/30 MP: 4/4
   854 | D:2      | Identified the +2 robe "Zous" {Int+3 Dex+5}
  1016 | D:2      | Noticed Jessica
  1022 | D:2      | Killed Jessica
  1670 | D:3      | Noticed Grinder
  1677 | D:3      | Paralysed by Grinder for 4 turns
  1689 | D:3      | Paralysed by Grinder for 4 turns
  1691 | D:3      | Killed from afar by Grinder

Illustrated notes

Levels and vault maps discovered:
D:1:      zelgadis_glass_arrival_small, layout_rooms,
          shapermc_ecumenical_altar_flowoftime
D:2:      layout_basic, serial_rivers, chequers_serial_rivers_small_3,
          chequers_serial_rivers_room_b, chequers_serial_rivers_micro_e,
          chequers_serial_rivers_micro_c, chequers_serial_rivers_micro_d,
          minmay_misc_feat_chi, uniq_jessica
D:3:      layout_basic, trog_wizard, uniq_grinder

Skill      XL: |  1  2  3  4 |
---------------+-------------+-----
Stealth        | 2 3 |  3.3
Dodging        | 3 |  3.0
Fighting       | |  2.9
Ranged Weapons | |  4.5

Action                     |  1- 3 |  4- 6 || total
---------------------------+-------+-------++-------
   Fire: Shortbow          |    91 |    63 ||   154
    Use: Scroll            |       |     7 ||     7
         Potion            |       |     1 ||     1
 Armour: Skin              |    13 |    12 ||    25
  Dodge: Dodged            |    11 |    13 ||    24

Table legend: (Time is in decaauts)
 A = Elapsed time spent in this place.
 B = Non-inter-level travel time spent in this place.
 C = Inter-level travel time spent in this place.
 D = Time resting spent in this place.
 E = Time spent auto-exploring this place.
 F = Levels seen in this place.
 G = Mean time per level.
                   A        B        C        D        E       F      G
               +--------+--------+--------+--------+--------+-----+--------+
         Total |   1718 |   1672 |     46 |    100 |   1259 |   3 |  572.7 |
       Dungeon |   1718 |   1672 |     46 |    100 |   1259 |   3 |  572.7 |
               +--------+--------+--------+--------+--------+-----+--------+

Top non-repeatable levels by time:
     D:2: 933 daAuts
     D:1: 503 daAuts
     D:3: 281 daAuts
